 Dungeon Crawl Stone Soup version 0.29.0-4-gdea44cf6ec (webtiles) character file.

Game seed: 2753766940865181807

15 qw the Caller (level 2, 0/23 HPs)
             Began as a Ghoul Summoner on Sept 9, 2022.
             Slain by a worm (5 damage)
             ... on level 2 of the Dungeon.
             The game lasted 00:00:25 (1807 turns).

qw the Caller (Ghoul Summoner)                      Turns: 1807, Time: 00:00:26

Health: 0/23       AC:  6    Str: 11    XL:     2   Next: 50%
Magic:  3/3        EV:  8    Int: 10    God:
Gold:   41         SH:  5    Dex:  9    Spells: 3/4 levels left

rFire   . . .      SeeInvis .   Y - +0 short sword
rCold   + . .      Faith    .   (no shield)
rNeg    + + +      Spirit   .   i - +0 scale mail
rPois   inf        Reflect  +   (no helmet)
rElec   .          Harm     .   (no cloak)
rCorr   .          Rampage  .   (no gloves)
Will    .....                   (no boots)
Stlth   ..........              h - amulet of reflection
HPRegen 0.00/turn               (no ring)
MPRegen 0.08/turn               (no ring)

@: inhibited regen
A: claws 1, cold resistance 1, negative energy resistance 3, inhibited
regeneration, torment resistance 2, devour on kill
a: no special abilities


You were on level 2 of the Dungeon.
You visited 1 branch of the dungeon, and saw 2 of its levels.

You collected 41 gold pieces.


Innate Abilities, Weirdness & Mutations

You are immune to poison.
You have sharp fingernails.
Your flesh is cold resistant. (rC+)
You are immune to negative energy. (rN+++)
You do not regenerate when monsters are visible.
You are immune to unholy pain and torment.
You thrive by killing the living.


   Skills:
 - Level 1.1 Fighting
 + Level 1.4 Axes
 - Level 1.7 Dodging
 - Level 2.1 Stealth
 - Level 1.7 Spellcasting
 - Level 3.6 Summonings


You had 3 spell levels left.
You knew the following spells:

 Your Spells              Type           Power      Damage    Failure   Level
a - Summon Small Mammal   Summ           32%        N/A       43%         1

Your spell library contained the following spells:

 Spells                   Type           Power      Damage    Failure   Level
 Call Imp                 Summ           8%         N/A       56%         2
 Call Canine Familiar     Summ           8%         N/A       80%         3
 Summon Guardian Golem    Hex/Summ       4%         N/A       96%         3
 Summon Lightning Spire   Summ/Air       4%         N/A       100%        4

Inventory:

Hand Weapons
 Y - a +0 short sword (weapon)
Armour
 i - a +0 scale mail (worn)
Jewellery
 h - an amulet of reflection (around neck)
Potions
 c - a potion of curing
 g - a potion of cancellation {unknown}
 k - a potion of mutation {unknown}

Dungeon Overview and Level Annotations

Branches:
Dungeon (2/15)

Altars:


Message History

You hit the worm.
The worm is lightly wounded.
You hit the worm.
The worm is moderately wounded.
The worm bites you. The dart slug launches a dart at you.
The slug dart misses you.
You hit the worm.
The worm is moderately wounded.
You block the worm's attack.
You hit the worm.
The worm is moderately wounded.
You hit the worm.
The worm is heavily wounded.
The worm bites you.
You hit the worm.
The worm is severely wounded.
The dart slug bites you but does no damage.
The worm completely misses you.
You hit the worm but do no damage.
The worm is heavily wounded.
The dart slug launches a dart at you.
The slug dart hits you but does no damage.
You hit the worm.
The worm is severely wounded.
The worm barely misses you. You block the dart slug's attack.
You hit the worm.
The worm is severely wounded.
The worm bites you.
You barely miss the worm.
The worm is severely wounded.
The dart slug completely misses you.
You hit the worm but do no damage.
The worm is severely wounded.
The dart slug launches a dart at you. The slug dart misses you.
The worm bites you!
You hit the worm.
The worm is severely wounded.
You block the dart slug's attack. The worm bites you.
You die...

.....
######.....
#.........
####.#.....#
..........#
#.......#
#..<....#
#.......#
#..@....#
#.ww....#
#.......#
#.......#
#.#.#.#.#
#.#.#.#.#
#.#.#.# #
#.#.#.#


You could see a worm and a dart slug.

Vanquished Creatures
  A ball python (D:1)
  A hobgoblin (D:1)
  2 kobolds (D:1)
  A rat (D:1)
5 creatures vanquished.

Vanquished Creatures (collateral kills)
  3 ball pythons (D:1)
  A bat (D:1)
  A goblin (D:1)
  2 hobgoblins (D:1)
  A rat (D:1)
8 creatures vanquished.

Grand Total: 13 creatures vanquished

Notes
Turn   | Place    | Note
-------+----------+-------------------------------------------
     0 | D:1      | qw the Ghoul Summoner began the quest for the Orb.
     0 | D:1      | Reached XP level 1. HP: 14/14 MP: 2/2
     0 | D:1      | 0 ||| qw: Version: 0.1-a-113-g051387a
     0 | D:1      | 0 ||| qw: Game counter: 7087
     0 | D:1      | 0 ||| qw: Always use a shield: true
     0 | D:1      | 0 ||| qw: God list: Okawaru
     0 | D:1      | 0 ||| qw: Allow faded altars: false
     0 | D:1      | 0 ||| qw: Do Orc after D:15 true
     0 | D:1      | 0 ||| qw: Do second Lair branch before Depths: true
     0 | D:1      | 0 ||| qw: Lair rune preference: random
     0 | D:1      | 0 ||| qw: Plans: Normal
     0 | D:1      | 0 ||| PLANNING D:1-11
    80 | D:1      | 80 ||| CASTING Summon Small Mammal
    81 | D:1      | 81 ||| CASTING Summon Small Mammal
    82 | D:1      | 82 ||| Stepping ~*~*~tactically~*~*~ (stealth).
    99 | D:1      | 99 ||| CASTING Summon Small Mammal
   105 | D:1      | 105 ||| CASTING Summon Small Mammal
   154 | D:1      | 154 ||| CASTING Summon Small Mammal
   155 | D:1      | 155 ||| CASTING Summon Small Mammal
   224 | D:1      | 224 ||| CASTING Summon Small Mammal
   225 | D:1      | 225 ||| CASTING Summon Small Mammal
   228 | D:1      | Reached skill level 1 in Axes
   256 | D:1      | 256 ||| CASTING Summon Small Mammal
   257 | D:1      | 257 ||| CASTING Summon Small Mammal
   264 | D:1      | Reached XP level 2. HP: 11/22 MP: 0/3
   524 | D:1      | 524 ||| CASTING Summon Small Mammal
   525 | D:1      | 525 ||| CASTING Summon Small Mammal
   526 | D:1      | 526 ||| CASTING Summon Small Mammal
   527 | D:1      | Reached skill level 1 in Fighting
   582 | D:1      | 582 ||| CASTING Summon Small Mammal
   583 | D:1      | 583 ||| CASTING Summon Small Mammal
   584 | D:1      | 584 ||| CASTING Summon Small Mammal
   694 | D:1      | 694 ||| CASTING Summon Small Mammal
   695 | D:1      | 695 ||| CASTING Summon Small Mammal
   696 | D:1      | 696 ||| CASTING Summon Small Mammal
   733 | D:1      | 733 ||| Wielding weapon +0 club.
   741 | D:1      | 741 ||| CASTING Summon Small Mammal
   742 | D:1      | 742 ||| CASTING Summon Small Mammal
   743 | D:1      | 743 ||| CASTING Summon Small Mammal
   821 | D:1      | 821 ||| CASTING Summon Small Mammal
   822 | D:1      | 822 ||| CASTING Summon Small Mammal
   823 | D:1      | 823 ||| CASTING Summon Small Mammal
   836 | D:1      | 836 ||| CASTING Summon Small Mammal
   958 | D:1      | 958 ||| SWAPPING to +0 short sword.
   959 | D:1      | 959 ||| DROPPING +0 club.
  1466 | D:1      | 1466 ||| UPGRADING to +0 leather armour.
  1476 | D:1      | 1476 ||| DROPPING +0 robe.
  1477 | D:1      | 1477 ||| UPGRADING to +0 ring mail.
  1487 | D:1      | 1487 ||| DROPPING +0 leather armour.
  1488 | D:1      | 1488 ||| UPGRADING to +0 scale mail.
  1498 | D:1      | 1498 ||| DROPPING +0 ring mail.
  1499 | D:1      | 1499 ||| UPGRADING to amulet of reflection.
  1504 | D:1      | 1504 ||| READING scroll labelled ZIMEXO INTULICU.
  1505 | D:1      | 1505 ||| READING scroll labelled ZAMPOK INEH.
  1506 | D:1      | 1506 ||| DRINKING 2 viscous white potions.
  1507 | D:1      | 1507 ||| DROPPING potion of magic.
  1532 | D:2      | Found a faded altar of an unknown god.
  1533 | D:2      | 1533 ||| STAIRDANCE
  1806 | D:2      | HP: 5/23 [worm (9)]
  1807 | D:2      | Slain by a worm

Levels and vault maps discovered:
D:1:      kilobyte_arrival_exit_the_forest, layout_basic, hex_intersection,
          chequers_serial_rivers_room_b, nrook_uturn
D:2:      kennysheep_big_flooded_room, layout_basic,
          nicolae_ecumenical_oubliette

Skill      XL: |  1  2 |
---------------+-------+-----
Axes           | 1 |  1.4
Fighting       | 1 |  1.1
Dodging        | |  1.7
Stealth        | |  2.1
Spellcasting   | |  1.7
Summonings     | |  3.6

Action                   || total
-------------------------++-------
Melee: Unarmed           ||    15
       Short sword       ||    25
       Club              ||     8
 Cast: Summon Small Mamm ||    25
  Use: Scroll            ||     2
       Potion            ||     1
Armor: Robe              ||     1
       Scale mail        ||     4
Dodge: Dodged            ||    24
Block: Other             ||     3

Table legend:
 A = Non-vault XP
 B = Vault XP
 C = Vault XP percentage of total XP
 D = Non-vault monster count
 E = Vault monster count
 F = Vault count percentage of total count
                 A         B        C        D         E       F
            +---------+---------+-------+---------+---------+-------
      Total |      22 |       0 |   0.0 |      13 |       0 |   0.0
            +---------+---------+-------+---------+---------+-------
        D:1 |      22 |       0 |   0.0 |      13 |       0 |   0.0
            +---------+---------+-------+---------+---------+-------
